 Dungeon Crawl Stone Soup version 0.29-a0-330-g52719c12eb (webtiles) character file.

Game seed: 10955816131950902967

467 night the Magician (level 6, -1/70 HPs)
             Began as a Demonspawn Wanderer on Apr 29, 2022.
             Slain by an orc wizard
             ... wielding a +0 dagger
              (3 damage)
             ... on level 3 of the Dungeon.
             The game lasted 00:06:45 (2679 turns).

night the Magician (Demonspawn Wanderer)            Turns: 2679, Time: 00:06:46

Health: -1/70      AC:  3    Str: 11    XL:     6   Next: 81%
Magic:  11/11      EV: 11    Int: 17    God:
Gold:   129        SH:  0    Dex: 12    Spells: 8/12 levels left

rFire   . . .      SeeInvis .   u - +2 short sword (elec)
rCold   . . .      Faith    .   (no shield)
rNeg    . . .      Spirit   .   f - +0 robe
rPois   .          Reflect  .   (no helmet)
rElec   .          Harm     .   (no cloak)
rCorr   .          Rampage  .   (no gloves)
Will    .....                   m - +0 pair of boots
Stlth   ..........              (no amulet)
HPRegen 0.21/turn               (no ring)
MPRegen 0.12/turn               (no ring)

@: berserking (expiring), very quick
A: powered by death 1, weakness stinger 1
a: no special abilities


You were on level 3 of the Dungeon.
You visited 1 branch of the dungeon, and saw 3 of its levels.

You collected 129 gold pieces.

Inventory:

Hand Weapons
 a - a +2 dagger
 k - a +1 dagger of speed
 u - a +2 short sword of electrocution (weapon)
 y - a +1 dagger of venom
Missiles
 e - 136 stones
 A - 3 atropa-tipped darts
Armour
 f - a +0 robe (worn)
 m - a +0 pair of boots (worn)
Jewellery
 p - a ring of positive energy
Scrolls
 b - 2 scrolls of blinking
 d - a scroll of fog
 g - a scroll of magic mapping {unknown}
 j - a scroll of vulnerability {unknown}
 n - 2 scrolls of identify {unknown}
 s - a scroll of fear {unknown}
 v - a scroll of teleportation {unknown}
 w - a scroll of noise {unknown}
 x - a scroll of enchant armour {unknown}
Potions
 c - a potion of lignification
 h - 2 potions of curing
 i - 3 potions of berserk rage
 l - a potion of cancellation {unknown}
 o - a potion of brilliance {unknown}
 q - a potion of heal wounds {unknown}
 r - 2 potions of might {unknown}
 t - a potion of attraction {unknown}
 z - a potion of magic {unknown}


   Skills:
 + Level 3.3 Fighting
 - Level 1.0 Throwing
 - Level 1.0 Armour
 - Level 2.6 Stealth
 + Level 3.8 Spellcasting
 + Level 2.9 Conjurations
 + Level 3.7 Earth Magic
 - Level 1.2 Invocations


You had 8 spell levels left.
You knew the following spells:

 Your Spells              Type           Power      Damage    Failure   Level
a - Sandblast             Erth           30%        2d9       3%          1
b - Stone Arrow           Conj/Erth      28%        3d8       12%         3

Your spell library contained the following spells:

 Spells                   Type           Power      Damage    Failure   Level


Dungeon Overview and Level Annotations

Branches:
Dungeon (3/15)

Altars:

Shops:
D:2 ?:=


Innate Abilities, Weirdness & Mutations

You regenerate a little health from kills.
You have a small tail.


Message History

You miss something.
Your tail-slap misses something.
The bat hits you but does no damage. Something hits you but does no damage.
You barely miss something. The bat barely misses you. Something hits you.
* * * LOW HITPOINT WARNING * * *
You miss something.
You hear some strange, mumbled words.
A magic dart appears from out of thin air!
The magic dart hits you.
* * * LOW HITPOINT WARNING * * *
It was a potion of curing.
You feel better. The bat hits you but does no damage. Something hits you.
* * * LOW HITPOINT WARNING * * *
It was a potion of berserk rage.
A red film seems to cover your vision as you go berserk!
You feel yourself moving faster!
You feel mighty! The bat hits you but does no damage.
You hear some strange, mumbled words.
Something tries to affect you, but you resist.
The bat barely misses you.
You miss something. Something hits you but does no damage. The bat misses you.
You miss something. The bat hits you but does no damage. x2
Something hits you.
* * * LOW HITPOINT WARNING * * *
You miss something. The bat hits you but does no damage.
The bat closely misses you.
You hear some strange, mumbled words.
A magic dart appears from out of thin air!
The magic dart hits you.
* * * LOW HITPOINT WARNING * * *
You barely miss something. The bat hits you but does no damage.
You closely miss something. Something hits you but does no damage.
The bat hits you but does no damage.
You miss something.
Your tail-slap misses something.
The bat closely misses you. Something hits you.
* * * LOW HITPOINT WARNING * * *
You closely miss something. The bat hits you but does no damage.
You closely miss something. The bat barely misses you. Something hits you.
* * * LOW HITPOINT WARNING * * *
You miss something. The bat hits you but does no damage. Something hits you.
You die...

#...####. #........ ####...#...
.... # ......#.# ...
###..####......#.# ####..
+o.o..:.#........ ......
#......#.....# #.#...#. ....
#......+.....###.#.... #..
#......#.....{@b.#...# #..
#..........#.##..#...########..
#..................... ........
...........#.##..#..# ##.##..
.....##..........#..# ##.##..
... #.............# ##...... ..
#.......##.##..# #.......
#.#...#+##.....####...###.
#.#...............#...##..


You could see a bat.

Vanquished Creatures
  Grinder (D:3)
  Sigmund (D:3)
  Jessica (D:2)
  5 adders
  An ufetubus (D:2)
  2 dart slugs (D:2)
  2 orcs (D:3)
  A bat (D:1)
  5 endoplasms
  2 goblins
  3 hobgoblins
  2 jackals (D:3)
  7 kobolds
  3 quokkas
  6 ball pythons
  3 frilled lizards
  2 rats
47 creatures vanquished.

Notes
Turn   | Place    | Note
-------+----------+-------------------------------------------
     0 | D:1      | night the Demonspawn Wanderer began the quest for the Orb.
     0 | D:1      | night set off with the following items: a +2 dagger, a
                  | scroll of blinking, a potion of lignification, a scroll of
                  | fog, 29 stones, a +0 robe; and the following spell
                  | memorised: Sandblast; and the following spells available to
                  | memorise: Stone Arrow
     0 | D:1      | Reached XP level 1. HP: 13/13 MP: 3/3
   165 | D:1      | Reached skill level 2 in Earth Magic
   459 | D:1      | Gained mutation: You regenerate a little health from kills.
                  | [demonic ancestry]
   459 | D:1      | Reached XP level 2. HP: 16/20 MP: 3/5
   625 | D:1      | Reached skill level 1 in Fighting
  1199 | D:2      | Found Ocos's Magic Scroll Shoppe.
  1294 | D:2      | Found Ciaqosoc's Book Emporium.
  1388 | D:2      | Reached XP level 3. HP: 26/26 MP: 6/6
  1614 | D:2      | Found Hezef's Jewellery Boutique.
  1746 | D:2      | Noticed Jessica
  1750 | D:2      | Killed Jessica
  1751 | D:2      | Reached XP level 4. HP: 28/33 MP: 3/8
  1753 | D:2      | Reached skill level 1 in Conjurations
  1827 | D:2      | Learned a level 3 spell: Stone Arrow
  2146 | D:3      | Reached skill level 2 in Fighting
  2182 | D:3      | Noticed Sigmund
  2189 | D:3      | Killed Sigmund
  2190 | D:3      | Reached skill level 2 in Conjurations
  2190 | D:3      | Reached XP level 5. HP: 32/40 MP: 4/10
  2404 | D:3      | Noticed Grinder
  2405 | D:3      | Paralysed by Grinder for 6 turns
  2416 | D:3      | Gained mutation: You have a small tail. [demonic ancestry]
  2416 | D:3      | Reached XP level 6. HP: 46/46 MP: 8/11
  2422 | D:3      | Paralysed by Grinder for 6 turns
  2429 | D:3      | Killed Grinder
  2665 | D:3      | HP: 7/47 [something (4)]
  2668 | D:3      | HP: 3/47 [something/magic dart (2)]
  2673 | D:3      | HP: 4/70 [something/magic dart (5)]
  2678 | D:3      | HP: 2/70 [something (2)]
  2679 | D:3      | Slain by an orc wizard

Illustrated notes

Levels and vault maps discovered:
D:1:      minmay_arrival_shoal_huts, layout_basic
D:2:      minmay_alternating_diamond, layout_loops_ring, serial_shops, shop,
          nicolae_shop_temple_entry_statues_fountains, shop,
          columned_hall_lemuel, kennysheep_jessica_study
D:3:      layout_basic, basic_ecumenical_altar, minmay_misc_feat_iff,
          uniq_grinder, uniq_sigmund

Skill      XL: |  1  2  3  4  5  6 |
---------------+-------------------+-----
Earth Magic    | 2 3 |  3.7
Fighting       | 1 2 3 |  3.3
Conjurations   | 2 |  2.9
Spellcasting   | 3 |  3.8
Throwing       | |  1.0
Armour         | |  1.0
Stealth        | |  2.6
Invocations    | |  1.2

Action                   |  1- 3 |  4- 6 || total
-------------------------+-------+-------++-------
Melee: Dagger            |    68 |    14 ||    82
       Short sword       |       |    34 ||    34
       Tailslap          |       |     2 ||     2
 Cast: Sandblast         |    15 |     8 ||    23
       Stone Arrow       |       |     4 ||     4
  Use: Potion            |       |     2 ||     2
 Stab: Sleeping          |     5 |     1 ||     6
Armor: Robe              |     7 |    26 ||    33
Dodge: Dodged            |    25 |    40 ||    65

Table legend: (Time is in decaauts)
 A = Elapsed time spent in this place.
 B = Non-inter-level travel time spent in this place.
 C = Inter-level travel time spent in this place.
 D = Time resting spent in this place.
 E = Time spent auto-exploring this place.
 F = Levels seen in this place.
 G = Mean time per level.
                   A        B        C        D        E       F      G
               +--------+--------+--------+--------+--------+-----+--------+
         Total |   2656 |   2586 |     70 |    396 |   1787 |   3 |  885.3 |
       Dungeon |   2656 |   2586 |     70 |    396 |   1787 |   3 |  885.3 |
               +--------+--------+--------+--------+--------+-----+--------+

Top non-repeatable levels by time:
     D:1: 1187 daAuts
     D:2: 931 daAuts
     D:3: 537 daAuts
